 Dungeon Crawl Stone Soup version 0.31-a0-844-gdc52ec4e09 (webtiles) character file.

Game seed: 7634353638876913771

2 iNSGRILO the Conjurer (level 1, -3/13 HPs)
             Began as a Human Conjurer on Sept 28, 2023.
             Slain by an adder (4 damage)
             ... on level 2 of the Dungeon.
             The game lasted 00:04:54 (94 turns).

iNSGRILO the Conjurer (Human Conjurer)                Turns: 94, Time: 00:04:55

Health: -3/13      AC:  2    Str:  7    XL:     1   Next: 44%
Magic:  3/3        EV: 12    Int: 18    God:
Gold:   7          SH:  0    Dex: 11    Spells: 3/4 levels left

rFire   . . .        (no weapon)
rCold   . . .        (no shield)
rNeg    . . .        a - +0 robe
rPois   .            (no helmet)
rElec   .            (no cloak)
rCorr   .            (no gloves)
SInv    .            (no boots)
Will    .....        (no amulet)
Stlth   ++           (no ring)
HPRegen 0.22/turn    (no ring)
MPRegen 0.08/turn

%: no passive effects
@: lethally poisoned (-3 -> -4)
A: no striking features
a: no special abilities


You were on level 2 of the Dungeon.
You visited 1 branch of the dungeon, and saw 2 of its levels.

You collected 7 gold pieces.

Inventory:

Hand Weapons
 c - a +0 club
Armour
 a - a +0 robe (worn)
Potions
 b - a potion of magic


   Skills:
 + Level 2.0 Dodging
 + Level 2.0 Stealth
 + Level 2.0 Spellcasting
 + Level 4.1 Conjurations


You had 3 spell levels left.
You knew the following spells:

 Your Spells              Type           Power      Damage    Failure   Level
a - Magic Dart            Conj           64%        1d6       3%          1

Your spell library contained the following spells:

 Spells                   Type           Power      Damage    Failure   Level
 Searing Ray              Conj           32%        2d5       4%          2
 Dazzling Flash           Conj/Hex       18%        N/A       24%         3
 Fulminant Prism          Conj/Hex       4%         3d5       61%         4
 Iskenderun's Mystic Bla  Conj/Tloc      9%         2d4       61%         4


Dungeon Overview and Level Annotations

Branches:
Dungeon (2/15)

Altars:


Message History

You barely miss the adder. The adder bites you. The bat misses you.
You completely miss the adder. The bat closely misses you. The adder bites you.
The adder barely misses you.
You hit the adder but do no damage. The adder closely misses you.
The bat hits you but does no damage.
You closely miss the adder. The bat barely misses you. x2
The adder bites you.
You closely miss the adder. The bat closely misses you.
The adder bites you but does no damage. The adder closely misses you.
The bat hits you but does no damage. The bat hits you but does no damage.
The bat barely misses you.
You hit the bat but do no damage. The bat hits you but does no damage.
The adder barely misses you. The adder closely misses you.
You closely miss the adder. The bat hits you but does no damage.
The adder bites you.
You hit the adder.
The adder is lightly wounded.
The bat hits you but does no damage. The bat closely misses you.
The adder barely misses you.
You hit the adder.
The adder is moderately wounded.
The bat closely misses you. The adder misses you.
You barely miss the adder.
The adder is moderately wounded.
The adder bites you.
You are poisoned.
The adder poisons you! The bat closely misses you. The adder barely misses you.
The bat closely misses you.
You barely miss the adder.
The adder is moderately wounded.
You feel sick. The bat hits you but does no damage. The adder misses you.
You closely miss the adder.
The adder is moderately wounded.
You feel sick. The bat hits you but does no damage. The adder bites you.
* * * LOW HITPOINT WARNING * * *
You hit the adder.
The adder is moderately wounded.
* * * LOW HITPOINT WARNING * * *
You feel sick. The adder bites you.
You die...

#####.#
#.....#
#.#####
######.#
#......####
####.........#
#............#
#.##.........#
###@b.....#
#S##+#### #r#
#.# #.# ...
.># ...# ##.#


You could see an adder, a bat and a rat.

Vanquished Creatures
  A bat (D:2)
  A goblin (D:2)
2 creatures vanquished.

Notes
Turn   | Place    | Note
-------+----------+-------------------------------------------
     0 | D:1      | iNSGRILO the Human Conjurer began the quest for the Orb.
     0 | D:1      | Reached XP level 1. HP: 13/13 MP: 3/3
    94 | D:2      | Slain by an adder

Illustrated notes

Levels and vault maps discovered:
D:1:      grunt_arrival_crossed_arrows, layout_basic
D:2:      layout_basic, basic_altar, serial_shops, shop

Action                     || total
---------------------------++-------
  Melee: Unarmed           ||    42
         Punch             ||     1
 Armour: Robe              ||    45
  Dodge: Dodged            ||    53

Table legend: (Time is in decaauts)
 A = Elapsed time spent in this place.
 B = Non-inter-level travel time spent in this place.
 C = Inter-level travel time spent in this place.
 D = Time resting spent in this place.
 E = Time spent auto-exploring this place.
 F = Levels seen in this place.
 G = Mean time per level.
                   A        B        C        D        E       F      G
               +--------+--------+--------+--------+--------+-----+--------+
         Total |     93 |     86 |      7 |      0 |      0 |   2 |   46.5 |
       Dungeon |     93 |     86 |      7 |      0 |      0 |   2 |   46.5 |
               +--------+--------+--------+--------+--------+-----+--------+

Top non-repeatable levels by time:
     D:2: 69 daAuts
     D:1: 24 daAuts
